[ AOE2 MATCH · #484497066 ]
UnrankedKhmer vs Georgians
[ REPLAY ANALYSIS · EXTRACTED FROM THE RECORDED GAME ]
Feudal
10:30
Castle
17:14
Imperial
35:31
| APM avg | 14.7 |
| APM peak | 37 |
| eAPM avg | 10.6 |
| Villagers / military | 105 / 66 |
Focus
⚔️ 19.9% · 🌾 80.1%
Battle Elephant ×62 · Scorpion ×4
Feudal
12:30
Castle
23:13
Imperial
41:56
| APM avg | 25.0 |
| APM peak | 85 |
| eAPM avg | 13.3 |
| Villagers / military | 83 / 146 |
Focus
⚔️ 20.1% · 🌾 79.9%
Scout Cavalry ×146
Feudal
—
Castle
—
Imperial
—
| APM avg | 0.1 |
| APM peak | 2 |
| eAPM avg | 0.1 |
| Villagers / military | 0 / 0 |
Feudal
11:59
Castle
16:11
Imperial
30:33
| APM avg | 12.9 |
| APM peak | 34 |
| eAPM avg | 10.2 |
| Villagers / military | 122 / 62 |
Focus
⚔️ 23.6% · 🌾 76.4%
Tarkan ×56 · Trade Cart ×21 · Cavalry Archer ×6
Feudal
11:15
Castle
16:40
Imperial
36:31
| APM avg | 17.4 |
| APM peak | 39 |
| eAPM avg | 9.3 |
| Villagers / military | 88 / 101 |
Focus
⚔️ 21.2% · 🌾 78.8%
Knight ×71 · Spearman ×26 · Trebuchet (Packed) ×4
Feudal
12:55
Castle
17:16
Imperial
33:29
| APM avg | 16.6 |
| APM peak | 52 |
| eAPM avg | 12.5 |
| Villagers / military | 150 / 154 |
Focus
⚔️ 25.6% · 🌾 74.4%
Camel Scout ×112 · Chakram Thrower ×34 · Armored Elephant ×4 · Monk ×3 · Trade Cart ×1 · Trebuchet (Packed) ×1
Feudal
—
Castle
—
Imperial
—
| APM avg | 3.1 |
| APM peak | 42 |
| eAPM avg | 1.3 |
| Villagers / military | 24 / 0 |
Focus
⚔️ 16.3% · 🌾 83.7%
Feudal
11:17
Castle
20:58
Imperial
—
| APM avg | 7.6 |
| APM peak | 33 |
| eAPM avg | 5.6 |
| Villagers / military | 162 / 22 |
Focus
⚔️ 13.3% · 🌾 86.7%
Throwing Axeman ×20 · Monk ×2
Match map
Initial resources + every placement click. Lines = walls · curves = elevation contours. ◆ gold · ⬟ stone · ● berries · ✦ relic · ◌ wall gap
Your base· Open — unwalled flank
NanoKreppy's base· Open — 9t gap
選擇往往比努力更重要's base· Open — unwalled flank
mgaitaniella's base· Open — unwalled flank
WeiWei's base· Open — unwalled flank
dantealhz's base· Open — unwalled flank
GERMANICO7222's base· Open — unwalled flank
SOG†king's base· Open — unwalled flank
Smoothed initial terrain · ◌ = detected wall gap · hover for details
Inputs per minute
— BrisVegasDan - - NanoKreppy
Build order — BrisVegasDan
First 150 of 263 actions detected
| 0:03 | Build | House |
| 0:04 | Build | House |
| 0:05 | Create | Villager (Male) |
| 0:05 | Create | Villager (Male) |
| 0:05 | Create | Villager (Male) |
| 0:06 | Create | Villager (Male) |
| 0:06 | Create | Villager (Male) |
| 1:33 | Create | Villager (Male) |
| 2:19 | Create | Villager (Male) |
| 2:35 | Create | Villager (Male) |
| 2:49 | Build | Mill |
| 3:14 | Create | Villager (Male) |
| 4:04 | Create | Villager (Male) |
| 4:19 | Create | Villager (Male) |
| 4:55 | Create | Villager (Male) |
| 5:03 | Build | House |
| 5:26 | Create | Villager (Male) |
| 5:49 | Build | Mining Camp |
| 5:52 | Create | Villager (Male) |
| 6:11 | Create | Villager (Male) |
| 6:45 | Create | Villager (Male) |
| 7:05 | Build | Lumber Camp |
| 7:08 | Create | Villager (Male) |
| 8:15 | Create | Villager (Male) |
| 8:15 | Create | Villager (Male) |
| 8:20 | Research | Feudal Age |
| 8:39 | Build | House |
| 9:44 | Build | Mill |
| 10:24 | Create | Villager (Male) |
| 10:24 | Create | Villager (Male) |
| 10:30 | Age | Feudal Age |
| 10:41 | Build | House |
| 10:43 | Build | House |
| 11:01 | Create | Villager (Male) |
| 11:17 | Research | Double-Bit Axe |
| 11:21 | Research | Horse Collar |
| 11:31 | Build | Farm |
| 11:39 | Create | Villager (Male) |
| 11:55 | Create | Villager (Male) |
| 12:28 | Create | Villager (Male) |
| 12:59 | Create | Villager (Male) |
| 13:05 | Build | Farm |
| 13:25 | Create | Villager (Male) |
| 13:32 | Build | Farm |
| 13:55 | Build | Farm |
| 13:56 | Create | Villager (Male) |
| 14:34 | Research | Castle Age |
| 14:53 | Build | House |
| 15:04 | Build | House |
| 15:35 | Build | Farm |
| 15:43 | Build | Farm |
| 15:51 | Build | Farm |
| 16:18 | Create | Villager (Male) |
| 16:18 | Create | Villager (Male) |
| 16:19 | Create | Villager (Male) |
| 16:19 | Create | Villager (Male) |
| 16:20 | Create | Villager (Male) |
| 17:14 | Age | Castle Age |
| 17:56 | Build | House |
| 18:01 | Create | Villager (Male) |
| 18:50 | Build | House |
| 18:58 | Build | House |
| 19:09 | Build | House |
| 19:15 | Build | House |
| 19:33 | Create | Villager (Male) |
| 19:33 | Create | Villager (Male) |
| 19:50 | Build | Stable |
| 19:54 | Create | Villager (Male) |
| 19:54 | Create | Villager (Male) |
| 20:01 | Build | House |
| 20:06 | Create | Villager (Male) |
| 20:20 | Research | Bow Saw |
| 20:26 | Build | Farm |
| 20:29 | Build | Farm |
| 20:42 | Build | Farm |
| 20:49 | Build | Farm |
| 21:01 | Create | Villager (Male) |
| 21:05 | Create | Battle Elephant |
| 21:06 | Create | Battle Elephant |
| 21:19 | Build | Town Center |
| 21:32 | Create | Villager (Male) |
| 21:33 | Create | Villager (Male) |
| 22:09 | Create | Villager (Male) |
| 22:26 | Build | Stable |
| 22:35 | Create | Battle Elephant |
| 22:59 | Create | Villager (Male) |
| 22:59 | Create | Villager (Male) |
| 23:00 | Create | Villager (Male) |
| 23:11 | Create | Battle Elephant |
| 23:11 | Create | Battle Elephant |
| 23:29 | Create | Villager (Male) |
| 23:30 | Create | Villager (Male) |
| 23:30 | Create | Villager (Male) |
| 23:30 | Create | Villager (Male) |
| 23:34 | Create | Villager (Male) |
| 23:38 | Create | Villager (Male) |
| 23:38 | Create | Villager (Male) |
| 23:40 | Create | Villager (Male) |
| 23:45 | Research | Gold Mining |
| 23:46 | Research | Stone Mining |
| 24:15 | Build | Town Center |
| 24:43 | Create | Villager (Male) |
| 24:50 | Create | Villager (Male) |
| 24:50 | Create | Villager (Male) |
| 24:50 | Create | Villager (Male) |
| 24:59 | Create | Battle Elephant |
| 24:59 | Create | Battle Elephant |
| 25:13 | Build | Blacksmith |
| 25:31 | Create | Villager (Male) |
| 25:31 | Create | Villager (Male) |
| 25:31 | Create | Villager (Male) |
| 25:46 | Research | Wheelbarrow |
| 25:48 | Research | Loom |
| 25:49 | Research | Town Watch |
| 25:59 | Create | Villager (Male) |
| 26:26 | Create | Villager (Male) |
| 26:27 | Create | Villager (Male) |
| 26:29 | Create | Villager (Male) |
| 26:41 | Build | House |
| 26:58 | Build | House |
| 27:07 | Research | Heavy Plow |
| 28:09 | Create | Villager (Male) |
| 28:09 | Create | Villager (Male) |
| 28:25 | Research | Forging |
| 28:25 | Research | Scale Barding Armor |
| 28:28 | Create | Battle Elephant |
| 28:29 | Create | Battle Elephant |
| 28:45 | Build | Farm |
| 28:49 | Build | Farm |
| 28:52 | Build | Farm |
| 29:08 | Build | Farm |
| 29:11 | Build | Farm |
| 29:37 | Build | Castle |
| 29:49 | Create | Villager (Male) |
| 29:50 | Create | Villager (Male) |
| 29:50 | Create | Villager (Male) |
| 30:03 | Build | Farm |
| 30:04 | Build | Farm |
| 30:14 | Create | Villager (Male) |
| 30:14 | Create | Villager (Male) |
| 30:24 | Build | Farm |
| 30:29 | Build | Farm |
| 30:33 | Build | Farm |
| 30:38 | Build | Farm |
| 30:47 | Build | Farm |
| 30:51 | Build | Farm |
| 30:56 | Build | Farm |
| 30:57 | Create | Villager (Male) |
| 30:57 | Create | Villager (Male) |
| 32:02 | Build | Stone Wall |
Build order — NanoKreppy
First 150 of 217 actions detected
| 0:05 | Build | House |
| 0:06 | Build | House |
| 0:08 | Create | Villager (Male) ×4 |
| 0:09 | Create | Villager (Male) ×4 |
| 1:36 | Create | Villager (Male) |
| 1:36 | Create | Villager (Male) |
| 1:36 | Create | Villager (Male) |
| 2:17 | Create | Villager (Male) |
| 2:17 | Create | Villager (Male) |
| 2:24 | Create | Villager (Male) |
| 2:40 | Create | Villager (Male) |
| 2:40 | Create | Villager (Male) |
| 2:40 | Create | Villager (Male) |
| 3:18 | Create | Villager (Male) |
| 3:18 | Create | Villager (Male) |
| 3:37 | Build | House |
| 3:41 | Create | Villager (Male) |
| 3:41 | Create | Villager (Male) |
| 4:04 | Build | Mule Cart |
| 4:16 | Create | Villager (Male) |
| 4:16 | Create | Villager (Male) |
| 4:57 | Create | Villager (Male) |
| 4:58 | Create | Villager (Male) |
| 6:12 | Create | Villager (Male) |
| 6:12 | Create | Villager (Male) |
| 6:12 | Create | Villager (Male) |
| 6:39 | Create | Villager (Male) |
| 6:39 | Create | Villager (Male) |
| 6:42 | Build | House |
| 7:33 | Build | Mill |
| 7:53 | Create | Villager (Male) |
| 7:54 | Create | Villager (Male) |
| 8:26 | Create | Villager (Male) |
| 8:42 | Research | Loom |
| 9:32 | Build | Mule Cart |
| 10:20 | Research | Feudal Age |
| 11:11 | Create | Villager (Male) ×4 |
| 11:30 | Build | Barracks |
| 12:30 | Age | Feudal Age |
| 12:43 | Build | Stable |
| 12:43 | Build | Stable |
| 13:03 | Build | House |
| 13:14 | Build | House |
| 13:33 | Create | Scout Cavalry |
| 13:33 | Create | Scout Cavalry |
| 13:57 | Create | Scout Cavalry |
| 14:34 | Create | Scout Cavalry |
| 14:38 | Create | Scout Cavalry |
| 15:01 | Create | Scout Cavalry |
| 15:03 | Create | Villager (Male) |
| 15:07 | Create | Scout Cavalry |
| 15:11 | Build | House |
| 15:28 | Create | Villager (Male) |
| 15:50 | Create | Villager (Male) |
| 15:51 | Create | Villager (Male) |
| 16:13 | Create | Villager (Male) |
| 16:59 | Research | Bloodlines |
| 18:56 | Create | Scout Cavalry |
| 18:56 | Create | Scout Cavalry |
| 18:58 | Create | Scout Cavalry |
| 18:58 | Create | Scout Cavalry |
| 19:14 | Build | Blacksmith |
| 20:33 | Research | Castle Age |
| 21:06 | Build | House |
| 21:09 | Build | House |
| 21:09 | Build | House |
| 21:10 | Build | House |
| 21:15 | Build | Farm |
| 21:15 | Build | Farm |
| 21:16 | Build | Farm |
| 21:16 | Build | Farm |
| 21:18 | Build | Farm |
| 21:21 | Create | Villager (Male) ×5 |
| 22:49 | Research | Double-Bit Axe |
| 23:13 | Age | Castle Age |
| 24:04 | Research | Husbandry |
| 24:07 | Research | Light Cavalry (upgrade) |
| 24:11 | Create | Scout Cavalry |
| 24:12 | Create | Scout Cavalry |
| 24:14 | Build | Farm |
| 24:16 | Create | Villager (Male) |
| 24:16 | Create | Villager (Male) |
| 24:27 | Build | Town Center |
| 24:36 | Build | Town Center |
| 24:48 | Build | Farm |
| 25:00 | Create | Scout Cavalry |
| 25:17 | Build | Farm |
| 25:21 | Create | Villager (Male) |
| 25:23 | Build | Farm |
| 25:41 | Create | Villager (Male) |
| 25:47 | Build | Farm |
| 25:50 | Build | Farm |
| 26:11 | Create | Villager (Male) |
| 26:17 | Build | Farm |
| 26:20 | Build | Farm |
| 26:22 | Create | Villager (Male) |
| 27:04 | Build | Farm |
| 27:08 | Build | Farm |
| 27:43 | Create | Villager (Male) |
| 27:43 | Create | Villager (Male) |
| 27:47 | Create | Villager (Male) |
| 27:47 | Create | Villager (Male) |
| 28:46 | Research | Forging |
| 29:00 | Build | Mill |
| 29:02 | Build | Farm |
| 29:03 | Build | Farm |
| 29:03 | Build | Farm |
| 29:03 | Build | Farm |
| 29:04 | Build | Farm |
| 29:04 | Build | Farm |
| 29:05 | Build | Farm |
| 29:06 | Build | Farm |
| 29:08 | Create | Villager (Male) |
| 29:08 | Create | Villager (Male) |
| 29:09 | Create | Villager (Male) |
| 29:10 | Create | Villager (Male) |
| 29:13 | Create | Villager (Male) |
| 29:13 | Create | Villager (Male) |
| 29:21 | Create | Scout Cavalry |
| 29:48 | Build | Stable |
| 29:49 | Build | Stable |
| 29:50 | Build | Stable |
| 29:57 | Build | Monastery |
| 30:13 | Build | Monastery |
| 32:07 | Create | Scout Cavalry ×5 |
| 32:07 | Create | Scout Cavalry ×5 |
| 32:07 | Create | Scout Cavalry ×5 |
| 32:35 | Research | Scale Barding Armor |
| 32:36 | Research | Iron Casting |
| 32:40 | Research | Gold Mining |
| 32:54 | Create | Villager (Male) |
| 32:55 | Create | Villager (Male) |
| 32:57 | Create | Villager (Male) |
| 33:02 | Create | Villager (Male) |
| 33:12 | Build | Monastery |
| 33:21 | Build | Monastery |
| 33:35 | Build | Monastery |
| 33:50 | Build | House |
| 33:52 | Build | House |
| 33:54 | Build | House |
| 33:59 | Build | House |
| 34:06 | Build | Farm |
| 34:10 | Build | Farm |
| 34:12 | Research | Horse Collar |
| 34:33 | Create | Scout Cavalry ×5 |
| 34:33 | Create | Scout Cavalry ×5 |
| 34:33 | Create | Scout Cavalry |
| 34:34 | Create | Scout Cavalry |
| 35:00 | Create | Scout Cavalry ×3 |
| 35:01 | Create | Scout Cavalry ×3 |
Build order — 選擇往往比努力更重要
0 actions detected in the replay
Build order — mgaitaniella
First 150 of 322 actions detected
| 0:02 | Create | Villager (Male) |
| 0:02 | Create | Villager (Male) |
| 0:02 | Create | Villager (Male) |
| 0:08 | Create | Villager (Male) |
| 0:08 | Create | Villager (Male) |
| 1:19 | Create | Villager (Male) |
| 1:19 | Create | Villager (Male) |
| 2:10 | Create | Villager (Male) |
| 2:35 | Create | Villager (Male) |
| 2:35 | Create | Villager (Male) |
| 2:35 | Create | Villager (Male) |
| 3:03 | Create | Villager (Male) |
| 3:25 | Create | Villager (Male) |
| 3:45 | Create | Villager (Male) |
| 3:46 | Create | Villager (Male) |
| 4:09 | Create | Villager (Male) |
| 4:09 | Create | Villager (Male) |
| 4:42 | Create | Villager (Male) |
| 4:43 | Create | Villager (Male) |
| 4:54 | Build | Lumber Camp |
| 5:27 | Build | Mill |
| 5:53 | Create | Villager (Male) |
| 5:53 | Create | Villager (Male) |
| 5:53 | Create | Villager (Male) |
| 6:13 | Create | Villager (Male) |
| 6:14 | Create | Villager (Male) |
| 7:02 | Build | Mill |
| 8:08 | Build | Mining Camp |
| 8:36 | Create | Villager (Male) |
| 8:37 | Create | Villager (Male) |
| 9:35 | Build | Mining Camp |
| 9:49 | Research | Feudal Age |
| 9:51 | Research | Loom |
| 9:55 | Create | Villager (Male) |
| 9:55 | Create | Villager (Male) |
| 11:59 | Age | Feudal Age |
| 12:01 | Build | Barracks |
| 12:22 | Build | Blacksmith |
| 13:30 | Create | Villager (Male) |
| 13:31 | Research | Castle Age |
| 14:06 | Build | Farm |
| 14:06 | Build | Farm |
| 14:07 | Build | Farm |
| 14:07 | Build | Farm |
| 14:07 | Build | Farm |
| 14:07 | Build | Farm |
| 14:08 | Build | Farm |
| 14:17 | Build | Farm |
| 15:02 | Research | Stone Mining |
| 15:06 | Research | Double-Bit Axe |
| 15:32 | Build | Stone Wall |
| 16:11 | Age | Castle Age |
| 16:12 | Create | Villager (Male) |
| 16:12 | Create | Villager (Male) |
| 16:29 | Build | Town Center |
| 16:54 | Create | Villager (Male) |
| 17:01 | Research | Horse Collar |
| 17:31 | Create | Villager (Male) |
| 17:33 | Create | Villager (Male) |
| 17:37 | Create | Villager (Male) |
| 17:39 | Create | Villager (Male) |
| 17:57 | Build | Castle |
| 18:05 | Build | Mining Camp |
| 18:08 | Create | Villager (Male) |
| 18:14 | Create | Villager (Male) |
| 18:14 | Create | Villager (Male) |
| 18:35 | Build | Archery Range |
| 18:42 | Create | Villager (Male) |
| 18:43 | Create | Villager (Male) |
| 19:10 | Create | Villager (Male) |
| 19:32 | Create | Villager (Male) |
| 19:32 | Create | Villager (Male) |
| 19:40 | Build | Farm |
| 19:40 | Build | Farm |
| 19:40 | Build | Farm |
| 20:11 | Create | Cavalry Archer |
| 20:11 | Create | Cavalry Archer |
| 20:11 | Create | Cavalry Archer |
| 20:17 | Create | Villager (Male) |
| 20:17 | Create | Villager (Male) |
| 20:18 | Create | Villager (Male) |
| 20:18 | Create | Villager (Male) |
| 20:56 | Research | Fletching |
| 20:57 | Create | Villager (Male) |
| 20:57 | Create | Villager (Male) |
| 20:58 | Create | Villager (Male) |
| 20:59 | Create | Villager (Male) |
| 21:05 | Research | Marauders |
| 21:10 | Build | Stable |
| 21:48 | Create | Villager (Male) |
| 21:49 | Create | Villager (Male) |
| 21:49 | Create | Villager (Male) |
| 21:49 | Create | Villager (Male) |
| 21:50 | Create | Villager (Male) |
| 21:55 | Create | Cavalry Archer |
| 21:56 | Create | Cavalry Archer |
| 21:59 | Create | Cavalry Archer |
| 22:43 | Build | Lumber Camp |
| 22:52 | Create | Villager (Male) |
| 22:52 | Create | Villager (Male) |
| 22:52 | Create | Villager (Male) |
| 22:57 | Research | Padded Archer Armor |
| 23:33 | Create | Villager (Male) |
| 23:33 | Create | Villager (Male) |
| 23:46 | Create | Villager (Male) |
| 23:46 | Create | Villager (Male) |
| 23:52 | Build | University |
| 24:04 | Build | Monastery |
| 24:09 | Research | Bow Saw |
| 24:32 | Create | Villager (Male) |
| 24:32 | Create | Villager (Male) |
| 25:14 | Research | Leather Archer Armor |
| 25:17 | Create | Villager (Male) |
| 25:17 | Create | Villager (Male) |
| 27:23 | Research | Imperial Age |
| 28:18 | Build | Castle |
| 28:24 | Create | Villager (Male) |
| 28:25 | Create | Villager (Male) |
| 28:25 | Create | Villager (Male) |
| 28:25 | Create | Villager (Male) |
| 28:28 | Research | Murder Holes |
| 28:38 | Create | Villager (Male) |
| 28:38 | Create | Villager (Male) |
| 29:24 | Build | Lumber Camp |
| 29:50 | Create | Villager (Male) |
| 29:57 | Build | Stable |
| 29:58 | Build | Stable |
| 30:03 | Research | Forging |
| 30:10 | Research | Ballistics |
| 30:23 | Create | Trade Cart |
| 30:23 | Create | Trade Cart |
| 30:33 | Research | Scale Barding Armor |
| 30:33 | Age | Imperial Age |
| 30:36 | Create | Villager (Male) |
| 30:36 | Create | Villager (Male) |
| 31:00 | Create | Villager (Male) |
| 31:01 | Create | Villager (Male) |
| 31:01 | Create | Villager (Male) |
| 31:24 | Build | Town Center |
| 31:29 | Build | Farm |
| 31:29 | Build | Farm |
| 31:30 | Build | Farm |
| 31:30 | Build | Farm |
| 31:30 | Build | Farm |
| 31:46 | Build | Farm |
| 31:46 | Build | Farm |
| 31:47 | Build | Farm |
| 31:47 | Build | Farm |
| 31:47 | Build | Farm |
| 31:47 | Build | Farm |
Build order — WeiWei
First 150 of 211 actions detected
| 0:03 | Create | Villager (Male) |
| 0:03 | Create | Villager (Male) |
| 0:03 | Create | Villager (Male) |
| 0:04 | Build | House |
| 0:15 | Create | Villager (Male) |
| 0:16 | Create | Villager (Male) |
| 0:49 | Research | Loom |
| 1:43 | Create | Villager (Male) |
| 1:43 | Create | Villager (Male) |
| 1:56 | Create | Villager (Male) |
| 2:18 | Create | Villager (Male) |
| 2:18 | Create | Villager (Male) |
| 2:58 | Create | Villager (Male) |
| 2:58 | Create | Villager (Male) |
| 3:03 | Build | House |
| 3:03 | Build | House |
| 3:26 | Create | Villager (Male) |
| 3:26 | Create | Villager (Male) |
| 3:27 | Create | Villager (Male) |
| 3:27 | Create | Villager (Male) |
| 3:27 | Create | Villager (Male) |
| 3:49 | Create | Villager (Male) |
| 3:49 | Create | Villager (Male) |
| 4:04 | Build | House |
| 4:14 | Create | Villager (Male) |
| 4:14 | Create | Villager (Male) |
| 4:33 | Create | Villager (Male) |
| 5:08 | Create | Villager (Male) |
| 5:09 | Create | Villager (Male) |
| 5:23 | Build | Lumber Camp |
| 5:54 | Create | Villager (Male) |
| 5:55 | Create | Villager (Male) |
| 6:41 | Build | Mill |
| 7:18 | Build | Farm |
| 7:43 | Build | Farm |
| 8:02 | Create | Villager (Male) |
| 8:10 | Build | Farm |
| 8:27 | Create | Villager (Male) |
| 9:00 | Build | Farm |
| 9:00 | Create | Villager (Male) |
| 9:10 | Build | Farm |
| 9:23 | Create | Villager (Male) |
| 9:28 | Build | Farm |
| 9:49 | Create | Villager (Male) |
| 9:53 | Build | Farm |
| 9:57 | Research | Feudal Age |
| 10:20 | Build | House |
| 10:21 | Build | House |
| 10:24 | Build | House |
| 11:10 | Create | Villager (Male) |
| 11:10 | Create | Villager (Male) |
| 11:15 | Age | Feudal Age |
| 11:43 | Build | Farm |
| 11:56 | Build | Blacksmith |
| 12:02 | Create | Villager (Male) |
| 12:12 | Create | Villager (Male) |
| 12:12 | Create | Villager (Male) |
| 12:13 | Create | Villager (Male) |
| 13:04 | Build | Mining Camp |
| 13:25 | Build | Mining Camp |
| 13:45 | Create | Villager (Male) |
| 13:48 | Build | Farm |
| 14:10 | Create | Villager (Male) |
| 14:12 | Build | Farm |
| 14:36 | Create | Villager (Male) |
| 14:40 | Build | Farm |
| 15:04 | Research | Castle Age |
| 15:04 | Research | Castle Age |
| 15:09 | Build | Farm |
| 16:06 | Build | House |
| 16:07 | Build | House |
| 16:08 | Build | House |
| 16:11 | Build | House |
| 16:40 | Age | Castle Age |
| 16:45 | Build | Barracks |
| 16:49 | Research | Wheelbarrow |
| 16:49 | Research | Wheelbarrow |
| 17:47 | Research | Double-Bit Axe |
| 17:47 | Research | Horse Collar |
| 19:11 | Build | Farm |
| 20:45 | Create | Villager (Male) |
| 20:45 | Create | Villager (Male) |
| 20:46 | Create | Villager (Male) |
| 20:47 | Create | Villager (Male) |
| 21:35 | Build | Castle |
| 21:41 | Build | House |
| 21:42 | Build | House |
| 21:43 | Build | House |
| 21:44 | Build | House |
| 21:46 | Build | House |
| 21:47 | Build | House |
| 21:48 | Build | House |
| 22:13 | Build | Farm |
| 22:25 | Create | Villager (Male) |
| 22:25 | Create | Villager (Male) |
| 22:25 | Create | Villager (Male) |
| 22:25 | Create | Villager (Male) |
| 22:26 | Create | Villager (Male) |
| 22:36 | Build | Farm |
| 23:18 | Build | Farm |
| 23:51 | Build | Farm |
| 24:10 | Build | Stable |
| 24:18 | Build | Farm |
| 24:32 | Create | Villager (Male) |
| 24:52 | Build | House |
| 24:57 | Research | Hand Cart |
| 25:13 | Create | Knight |
| 25:13 | Create | Knight ×5 |
| 25:14 | Create | Knight ×5 |
| 25:14 | Create | Knight ×5 |
| 25:34 | Build | Mining Camp |
| 25:41 | Build | Lumber Camp |
| 25:49 | Create | Villager (Male) |
| 25:50 | Create | Villager (Male) |
| 25:50 | Create | Villager (Male) |
| 25:51 | Create | Villager (Male) |
| 26:46 | Create | Villager (Male) |
| 27:13 | Create | Villager (Male) |
| 27:13 | Create | Villager (Male) |
| 27:21 | Research | Husbandry |
| 27:39 | Research | Scale Barding Armor |
| 27:49 | Build | Farm |
| 27:55 | Create | Villager (Male) |
| 27:56 | Create | Villager (Male) |
| 29:00 | Research | Forging |
| 29:04 | Research | Heavy Plow |
| 29:25 | Build | Farm |
| 29:30 | Research | Bow Saw |
| 29:46 | Build | Farm |
| 29:48 | Create | Villager (Male) |
| 29:49 | Create | Villager (Male) |
| 29:49 | Create | Villager (Male) |
| 29:49 | Create | Villager (Male) |
| 29:49 | Create | Villager (Male) |
| 30:03 | Build | Castle |
| 30:25 | Research | Iron Casting |
| 30:57 | Build | Mining Camp |
| 31:45 | Create | Knight ×5 |
| 31:46 | Create | Knight ×5 |
| 32:04 | Build | Farm |
| 32:57 | Create | Villager (Male) |
| 32:57 | Create | Villager (Male) |
| 32:57 | Create | Villager (Male) |
| 32:58 | Create | Villager (Male) |
| 33:26 | Build | Farm |
| 33:50 | Build | Farm |
| 34:15 | Build | Farm |
| 34:27 | Research | Imperial Age |
| 34:45 | Build | Farm |
| 36:31 | Age | Imperial Age |
Build order — dantealhz
First 150 of 436 actions detected
| 0:43 | Create | Villager (Male) |
| 0:57 | Create | Villager (Male) |
| 0:59 | Build | House |
| 0:59 | Build | House |
| 1:02 | Build | House |
| 1:07 | Build | House |
| 1:17 | Create | Villager (Male) |
| 1:22 | Research | Loom |
| 1:22 | Research | Loom |
| 1:23 | Create | Villager (Male) |
| 1:38 | Create | Villager (Male) |
| 1:38 | Create | Villager (Male) |
| 2:55 | Create | Villager (Male) |
| 3:11 | Create | Villager (Male) |
| 3:37 | Create | Villager (Male) |
| 3:59 | Create | Villager (Male) |
| 3:59 | Create | Villager (Male) |
| 3:59 | Create | Villager (Male) |
| 3:59 | Create | Villager (Male) |
| 3:59 | Create | Villager (Male) |
| 3:59 | Create | Villager (Male) |
| 4:16 | Build | Mill |
| 4:59 | Create | Villager (Male) |
| 5:39 | Create | Villager (Male) |
| 5:39 | Create | Villager (Male) |
| 5:40 | Create | Villager (Male) |
| 5:55 | Create | Villager (Male) |
| 6:06 | Create | Villager (Male) |
| 6:19 | Create | Villager (Male) |
| 6:44 | Create | Villager (Male) |
| 6:56 | Create | Villager (Male) |
| 7:18 | Build | Mill |
| 7:21 | Create | Villager (Male) |
| 7:57 | Create | Villager (Male) |
| 8:30 | Build | Lumber Camp |
| 9:55 | Create | Villager (Male) |
| 10:03 | Build | House |
| 10:16 | Create | Villager (Male) |
| 10:39 | Research | Feudal Age |
| 10:46 | Build | Farm |
| 11:17 | Create | Villager (Male) |
| 11:54 | Create | Villager (Male) |
| 12:55 | Age | Feudal Age |
| 13:31 | Build | Mining Camp |
| 13:42 | Create | Villager (Male) |
| 13:54 | Build | Blacksmith |
| 14:07 | Build | Lumber Camp |
| 14:11 | Create | Villager (Male) |
| 14:25 | Research | Castle Age |
| 14:50 | Research | Double-Bit Axe |
| 15:00 | Research | Horse Collar |
| 15:05 | Build | Farm |
| 15:05 | Build | Farm |
| 15:06 | Build | Farm |
| 15:06 | Build | Farm |
| 15:08 | Build | Farm |
| 15:09 | Build | Farm |
| 15:09 | Build | Farm |
| 15:12 | Build | Farm |
| 15:16 | Build | Farm |
| 15:17 | Build | Farm |
| 15:18 | Build | Farm |
| 15:18 | Build | Farm |
| 15:18 | Build | Farm |
| 15:19 | Build | Farm |
| 15:19 | Build | Farm |
| 15:20 | Build | Farm |
| 15:22 | Build | Farm |
| 15:22 | Build | Farm |
| 15:22 | Build | Farm |
| 15:23 | Build | Farm |
| 15:23 | Build | Farm |
| 15:23 | Build | Farm |
| 15:24 | Build | Farm |
| 15:24 | Build | Farm |
| 15:24 | Build | Farm |
| 15:25 | Build | Farm |
| 15:25 | Build | Farm |
| 15:26 | Build | Farm |
| 15:27 | Build | Farm |
| 15:27 | Build | Farm |
| 15:27 | Build | Farm |
| 15:28 | Build | Farm |
| 15:28 | Build | Farm |
| 15:29 | Build | Farm |
| 15:29 | Build | Farm |
| 15:29 | Build | Farm |
| 15:30 | Build | Farm |
| 15:51 | Create | Villager (Male) |
| 15:59 | Build | Farm |
| 16:03 | Create | Villager (Male) |
| 16:16 | Create | Villager (Male) |
| 16:59 | Create | Villager (Male) |
| 17:16 | Age | Castle Age |
| 17:21 | Build | Town Center |
| 17:41 | Build | Town Center |
| 17:45 | Research | Bow Saw |
| 17:47 | Create | Villager (Male) |
| 17:54 | Build | House |
| 17:55 | Build | House |
| 17:59 | Research | Town Watch |
| 18:07 | Research | Heavy Plow |
| 18:09 | Create | Villager (Male) |
| 18:14 | Build | Farm |
| 18:15 | Build | Farm |
| 18:15 | Build | Farm |
| 18:17 | Build | Farm |
| 18:18 | Build | Farm |
| 18:18 | Build | Farm |
| 18:19 | Build | Farm |
| 18:19 | Build | Farm |
| 18:19 | Build | Farm |
| 18:20 | Build | Farm |
| 18:20 | Build | Farm |
| 18:20 | Build | Farm |
| 18:21 | Build | Farm |
| 18:21 | Build | Farm |
| 18:21 | Build | Farm |
| 18:21 | Build | Farm |
| 18:22 | Build | Farm |
| 18:22 | Build | Farm |
| 18:23 | Build | Farm |
| 18:23 | Build | Farm |
| 18:23 | Build | Farm |
| 18:24 | Build | Farm |
| 18:24 | Build | Farm |
| 18:24 | Build | Farm |
| 18:24 | Build | Farm |
| 18:25 | Build | Farm |
| 18:25 | Build | Farm |
| 18:25 | Build | Farm |
| 18:26 | Build | Farm |
| 18:26 | Build | Farm |
| 18:26 | Build | Farm |
| 18:27 | Build | Farm |
| 18:27 | Build | Farm |
| 18:28 | Build | Farm |
| 18:28 | Build | Farm |
| 18:28 | Build | Farm |
| 18:29 | Build | Farm |
| 18:32 | Create | Villager (Male) |
| 18:33 | Create | Villager (Male) |
| 18:55 | Build | Farm |
| 18:57 | Create | Villager (Male) |
| 19:05 | Build | House |
| 19:14 | Create | Villager (Male) |
| 19:36 | Create | Villager (Male) |
| 19:57 | Build | Farm |
| 20:04 | Build | Farm |
| 20:10 | Build | Farm |
Build order — GERMANICO7222
29 actions detected in the replay
| 0:04 | Build | House |
| 0:07 | Build | House |
| 0:08 | Create | Villager (Male) |
| 0:08 | Create | Villager (Male) |
| 0:09 | Create | Villager (Male) |
| 0:09 | Create | Villager (Male) |
| 0:09 | Create | Villager (Male) |
| 0:10 | Create | Villager (Male) |
| 1:47 | Create | Villager (Male) |
| 1:47 | Create | Villager (Male) |
| 2:17 | Create | Villager (Male) |
| 2:17 | Create | Villager (Male) |
| 2:28 | Create | Villager (Male) |
| 2:37 | Create | Villager (Male) |
| 2:38 | Create | Villager (Male) |
| 2:38 | Create | Villager (Male) |
| 3:02 | Create | Villager (Male) |
| 3:03 | Create | Villager (Male) |
| 3:36 | Create | Villager (Male) |
| 3:36 | Create | Villager (Male) |
| 4:02 | Build | House |
| 4:04 | Build | House |
| 4:07 | Create | Villager (Male) |
| 4:07 | Create | Villager (Male) |
| 4:15 | Build | Lumber Camp |
| 4:38 | Create | Villager (Male) |
| 4:39 | Create | Villager (Male) |
| 4:42 | Create | Villager (Male) |
| 4:42 | Create | Villager (Male) |
Build order — SOG†king
First 150 of 164 actions detected
| 0:11 | Build | House |
| 0:12 | Build | House |
| 0:17 | Create | Villager (Male) ×4 |
| 0:17 | Create | Villager (Male) ×4 |
| 0:17 | Create | Villager (Male) ×4 |
| 0:17 | Create | Villager (Male) ×4 |
| 2:07 | Create | Villager (Male) |
| 2:08 | Create | Villager (Male) |
| 2:44 | Create | Villager (Male) ×2 |
| 2:44 | Create | Villager (Male) ×2 |
| 2:44 | Create | Villager (Male) ×2 |
| 3:13 | Create | Villager (Male) |
| 3:13 | Create | Villager (Male) |
| 3:40 | Create | Villager (Male) |
| 3:40 | Create | Villager (Male) |
| 3:40 | Create | Villager (Male) |
| 3:45 | Build | House |
| 4:07 | Create | Villager (Male) |
| 4:07 | Create | Villager (Male) |
| 4:22 | Build | House |
| 4:32 | Build | Mill |
| 5:09 | Create | Villager (Male) ×2 |
| 5:09 | Create | Villager (Male) ×2 |
| 5:09 | Create | Villager (Male) ×2 |
| 6:12 | Create | Villager (Male) ×2 |
| 6:13 | Create | Villager (Male) ×2 |
| 6:13 | Create | Villager (Male) ×2 |
| 6:48 | Create | Villager (Male) ×2 |
| 6:48 | Create | Villager (Male) ×2 |
| 6:48 | Create | Villager (Male) ×2 |
| 8:25 | Build | Lumber Camp |
| 9:07 | Research | Feudal Age |
| 9:07 | Research | Feudal Age |
| 10:15 | Build | Lumber Camp |
| 10:32 | Build | Mill |
| 11:17 | Age | Feudal Age |
| 11:19 | Create | Villager (Male) |
| 11:19 | Create | Villager (Male) |
| 11:20 | Create | Villager (Male) |
| 11:20 | Create | Villager (Male) |
| 11:20 | Create | Villager (Male) |
| 11:21 | Create | Villager (Male) |
| 11:21 | Create | Villager (Male) |
| 11:53 | Build | Mining Camp |
| 12:01 | Build | House |
| 12:05 | Build | House |
| 12:06 | Build | House |
| 12:07 | Build | House |
| 12:11 | Build | Barracks |
| 12:20 | Research | Double-Bit Axe |
| 12:20 | Research | Double-Bit Axe |
| 12:37 | Build | Mill |
| 13:35 | Build | Blacksmith |
| 14:06 | Create | Villager (Male) |
| 14:06 | Create | Villager (Male) |
| 14:06 | Create | Villager (Male) |
| 14:33 | Build | Farm |
| 14:33 | Build | Farm |
| 14:33 | Build | Farm |
| 14:34 | Build | Farm |
| 14:35 | Build | Farm |
| 15:00 | Research | Wheelbarrow |
| 15:00 | Research | Wheelbarrow |
| 18:18 | Research | Castle Age |
| 18:18 | Research | Castle Age |
| 18:18 | Research | Castle Age |
| 20:58 | Age | Castle Age |
| 20:58 | Build | Farm |
| 20:58 | Build | Farm |
| 20:58 | Build | Farm |
| 20:59 | Build | Farm |
| 20:59 | Build | Farm |
| 20:59 | Build | Farm |
| 21:07 | Create | Villager (Male) ×5 |
| 21:07 | Create | Villager (Male) ×5 |
| 21:08 | Create | Villager (Male) ×5 |
| 21:08 | Create | Villager (Male) ×3 |
| 22:35 | Research | Bow Saw |
| 22:35 | Research | Bow Saw |
| 22:35 | Research | Bow Saw |
| 23:17 | Build | Castle |
| 23:49 | Build | Lumber Camp |
| 24:36 | Create | Villager (Male) ×5 |
| 24:37 | Create | Villager (Male) ×5 |
| 24:37 | Create | Villager (Male) ×2 |
| 24:37 | Create | Villager (Male) ×2 |
| 24:55 | Build | Town Center |
| 25:08 | Create | Villager (Male) ×2 |
| 25:08 | Create | Villager (Male) ×2 |
| 25:47 | Build | Farm |
| 25:47 | Build | Farm |
| 25:47 | Build | Farm |
| 25:47 | Build | Farm |
| 25:48 | Build | Farm |
| 25:48 | Build | Farm |
| 25:48 | Build | Farm |
| 25:48 | Build | Farm |
| 25:48 | Build | Farm |
| 25:49 | Build | Farm |
| 25:49 | Build | Farm |
| 25:49 | Build | Farm |
| 26:41 | Create | Villager (Male) |
| 26:41 | Create | Villager (Male) |
| 26:41 | Create | Villager (Male) |
| 26:47 | Build | Farm |
| 26:48 | Build | Farm |
| 26:48 | Build | Farm |
| 26:48 | Build | Farm |
| 26:48 | Build | Farm |
| 27:13 | Build | Mining Camp |
| 27:18 | Create | Villager (Male) ×5 |
| 27:19 | Create | Villager (Male) ×5 |
| 27:19 | Create | Villager (Male) ×5 |
| 27:56 | Create | Villager (Male) ×4 |
| 28:05 | Create | Villager (Male) ×5 |
| 28:05 | Create | Villager (Male) ×5 |
| 29:09 | Build | Lumber Camp |
| 29:56 | Create | Villager (Male) |
| 29:56 | Create | Villager (Male) |
| 29:56 | Create | Villager (Male) |
| 29:56 | Create | Villager (Male) |
| 29:59 | Research | Stone Mining |
| 30:00 | Research | Stone Mining |
| 30:26 | Build | Monastery |
| 31:03 | Build | Castle |
| 32:03 | Build | Farm |
| 32:03 | Build | Farm |
| 32:09 | Create | Villager (Male) ×5 |
| 32:09 | Create | Villager (Male) ×5 |
| 32:09 | Create | Villager (Male) ×5 |
| 32:09 | Create | Villager (Male) ×5 |
| 32:09 | Create | Villager (Male) ×5 |
| 32:23 | Create | Villager (Male) |
| 32:24 | Create | Villager (Male) |
| 32:24 | Create | Villager (Male) |
| 32:32 | Build | Farm |
| 32:36 | Build | Farm |
| 32:37 | Build | Farm |
| 32:38 | Build | Farm |
| 32:38 | Build | Farm |
| 32:38 | Build | Farm |
| 32:40 | Build | Farm |
| 32:41 | Build | Farm |
| 32:41 | Build | Farm |
| 32:41 | Build | Farm |
| 32:41 | Build | Farm |
| 32:41 | Build | Farm |
| 32:47 | Create | Monk |
| 33:20 | Create | Villager (Male) |
| 33:20 | Create | Villager (Male) |
Match timeline
| 2:05 | 選擇往往比努力更重要 · resign |
| 10:30 | BrisVegasDan · age_up feudal |
| 11:15 | WeiWei · age_up feudal |
| 11:17 | SOG†king · age_up feudal |
| 11:30 | NanoKreppy · first_building Barracks |
| 11:46 | dantealhz · first_market_sell 100 wood |
| 11:59 | mgaitaniella · age_up feudal |
| 12:01 | mgaitaniella · first_building Barracks |
| 12:11 | SOG†king · first_building Barracks |
| 12:30 | NanoKreppy · age_up feudal |
| 12:43 | NanoKreppy · first_building Stable |
| 12:55 | dantealhz · age_up feudal |
| 15:32 | mgaitaniella · wall_segment Stone Wall x1 |
| 16:11 | mgaitaniella · age_up castle |
| 16:40 | WeiWei · age_up castle |
| 16:45 | WeiWei · first_building Barracks |
| 17:14 | BrisVegasDan · age_up castle |
| 17:16 | dantealhz · age_up castle |
| 17:57 | mgaitaniella · first_building Castle |
| 18:35 | mgaitaniella · first_building Archery Range |
| 19:50 | BrisVegasDan · first_building Stable |
| 20:58 | SOG†king · age_up castle |
| 21:10 | mgaitaniella · first_building Stable |
| 21:35 | WeiWei · first_building Castle |
| 23:13 | NanoKreppy · age_up castle |
| 23:17 | SOG†king · first_building Castle |
| 23:54 | NanoKreppy · first_market_sell 100 wood |
| 23:58 | NanoKreppy · first_market_buy 100 food |
| 24:04 | mgaitaniella · first_building Monastery |
| 24:10 | WeiWei · first_building Stable |
| 26:54 | mgaitaniella · first_market_sell 100 wood |
| 26:55 | mgaitaniella · first_market_buy 100 food |
| 27:36 | dantealhz · first_building Castle |
| 28:20 | dantealhz · first_building Siege Workshop |
| 29:12 | dantealhz · first_building Monastery |
| 29:37 | BrisVegasDan · first_building Castle |
| 29:57 | NanoKreppy · first_building Monastery |
| 30:26 | SOG†king · first_building Monastery |
| 30:33 | mgaitaniella · age_up imperial |
| 31:30 | dantealhz · first_building Barracks |
| 32:02 | BrisVegasDan · wall_segment Stone Wall x16 |
| 32:52 | dantealhz · first_building Stable |
| 33:29 | dantealhz · age_up imperial |
| 35:12 | BrisVegasDan · wall_segment Stone Wall x33 |
| 35:31 | BrisVegasDan · age_up imperial |
| 35:36 | BrisVegasDan · wall_segment Stone Wall x16 |
| 35:41 | BrisVegasDan · wall_segment Stone Wall x2 |
| 35:46 | BrisVegasDan · wall_segment Stone Wall x22 |
| 36:31 | WeiWei · age_up imperial |
| 36:32 | BrisVegasDan · wall_segment Stone Wall x1 |
| 38:18 | BrisVegasDan · first_building Siege Workshop |
| 38:55 | dantealhz · first_market_buy 500 food |
| 40:09 | NanoKreppy · wall_segment Stone Wall x11 |
| 40:49 | NanoKreppy · wall_segment Stone Wall x10 |
| 41:48 | NanoKreppy · wall_segment Stone Wall x20 |
| 41:56 | NanoKreppy · age_up imperial |
| 45:09 | NanoKreppy · wall_segment Stone Wall x11 |
| 45:53 | NanoKreppy · wall_segment Stone Wall x15 |
| 48:10 | NanoKreppy · wall_segment Stone Wall x19 |
[ AI ANALYSIS · 1 CREDIT ]
What really happened in this match?
Wolo.gg analyzes every decision: build order, eco, micro, common mistakes by bracket. Personalized analysis on WhatsApp or Discord in 30 seconds.
Civ guide
Khmer
Perfil
Jugador #22241997